AoeStats
← I Hate Rush

Four Lakes

509324582Analyzed
1v1 RM · 5d ago on Sep 26, 2026· 34m 41s· 2 players
Game mode
Random Map
Map size
Tiny (2 player)
Population
200
Speed
Normal
Resources
Standard
Victory
Conquest
Starting age
Dark Age
Ending age
Imperial Age
RankedLock teamsTeams togetherTeam positionsShared explorationLock speedFull tech treeHidden civsTurbo modeCheats
Victory
Defeat
🇭🇰 Persians · Hong Kong SAR China
1331
+18
🇦🇷 Dravidians · Argentina
1365
-18
I Hate Rush
6:59 Loom
9:38 Feudal Age
10:11 Double-Bit Axe
19:54 Castle Age
18:03 Horse Collar
18:15 Gold Mining
19:20 Scale Barding Armor
19:26 Bloodlines
20:43 Chain Barding Armor
20:41 Bow Saw
22:07 Wheelbarrow
26:09 Husbandry
29:12 Devotion
35:09 Imperial Age
34:39 Forging
35:18 Masonry
O P T I M U S
7:48 Loom
10:09 Feudal Age
10:51 Fishing Lines
17:14 Castle Age
15:06 Double-Bit Axe
18:35 Bow Saw
18:41 Gillnets
19:05 Crossbowman
20:53 Gold Mining
25:41 Fletching
26:59 Wheelbarrow
29:32 Bodkin Arrow
33:01 Imperial Age
31:01 Thumb Ring
32:00 Pikeman
32:41 Squires
33:44 Hand Cart
33:11 Horse Collar
33:25 Stone Mining
Connection lost

Rejoining the realm…

Still unreachable

The connection could not be restored.

Session expired

The server has moved on; the page needs a fresh start.